[Event "FIDE WYCC Top Boards Girls 2023"]
[Site "Montesilvano"]
[Date "2023.11.21"]
[Round "8.10"]
[White "Siekanska, Maria"]
[Black "Shvedova, Alexandra"]
[Result "0-1"]
[ECO "D45"]
[WhiteElo "2180"]
[BlackElo "2170"]
[Annotator "RC"]
[PlyCount "80"]
[EventDate "2023.11.13"]
[EventType "swiss"]
[EventCountry "ITA"]
[SourceTitle "playchess.com"]
[Source "ChessBase"]
[SourceQuality "1"]
[TimeControl "40/5400+30:1800+30"]

1. d4 d5 2. c4 e6 3. Nc3 c6 4. e3 Nf6 5. Nf3 Nbd7 6. a4 Bb4 7. Bd3 O-O 8. O-O Qe7 9. Qc2 e5 10. dxe5 Nxe5 11. Nxe5 Qxe5 12. cxd5 cxd5 13. Bd2 Bd7 14. f4 Qe8 15. Rae1 Rc8 16. Qb3 a5 17. e4 Bxa4 18. Qa2 dxe4 19. Nxe4 Nxe4 20. Bxb4 axb4 21. Bxe4 Qd7 22. Qb1 h6 23. f5 Qd4+ 24. Kh1 Bb5 25. Rd1 Qf6 26. Rf2 Bc6 27. Rfd2 Rfd8 28. h3 Rxd2 29. Rxd2 Re8 30. Bxc6 bxc6 31. Qf1 c5 32. Qf2 Re5 33. g4 c4 34. Rc2 Qc6+ 35. Kh2 Qe4 36. Rd2 c3 37. bxc3 bxc3 38. Rc2 Qd3 39. Ra2 Re3 40. Qg2 Qd6+ 0-1

[Event "FIDE WYCC Top Boards Girls 2023"]
[Site "Montesilvano"]
[Date "2023.11.21"]
[Round "8.11"]
[White "Mou, Iris"]
[Black "Kirtadze, Anastasia"]
[Result "1/2-1/2"]
[ECO "B40"]
[WhiteElo "2086"]
[BlackElo "1921"]
[Annotator "NA RC"]
[PlyCount "101"]
[EventDate "2023.11.13"]
[EventType "swiss"]
[EventCountry "ITA"]
[SourceTitle "playchess.com"]
[Source "ChessBase"]
[SourceQuality "1"]
[TimeControl "40/5400+30:1800+30"]

1. e4 c5 2. Nf3 e6 3. g3 Nc6 4. Bg2 Nf6 5. Qe2 e5 6. O-O Be7 7. Nc3 d6 8. Nd5 O-O 9. c3 Be6 10. Ne1 Qd7 11. d3 Ne8 12. Nc2 f5 13. Be3 Nf6 14. Rad1 Rae8 15. a3 Ng4 16. Bc1 Bd8 17. b4 b6 18. b5 Ne7 19. Nxe7+ Rxe7 20. exf5 Bxf5 21. Bd5+ Kh8 22. Bg5 Nf6 23. Bc6 Qc8 24. Ne3 Bh3 25. Bg2 Bd7 26. d4 exd4 27. cxd4 h6 28. Bf4 Bc7 29. Qb2 Bh3 30. dxc5 dxc5 31. Bxc7 Rxc7 32. Nc4 Bxg2 33. Kxg2 Qe6 34. Qc2 Re7 35. Rfe1 Qxe1 36. Rxe1 Rxe1 37. f4 Rd8 38. Ne5 Rdd1 39. Nf7+ Kg8 40. Nxh6+ Kf8 41. Qg6 Rd2+ 42. Kh3 Rd7 43. Ng4 Nxg4 44. Kxg4 Ree7 45. Qh7 c4 46. h4 c3 47. h5 Rc7 48. h6 gxh6 49. Qh8+ Kf7 50. Qh7+ Kf8 51. Qh8+ 1/2-1/2

[Event "FIDE WYCC Top Boards Girls 2023"]
[Site "Montesilvano"]
[Date "2023.11.21"]
[Round "8.12"]
[White "Khamdamova, Afruza"]
[Black "Kaliakhmet, Elnaz"]
[Result "1-0"]
[ECO "B32"]
[WhiteElo "2199"]
[BlackElo "1933"]
[Annotator "RC"]
[PlyCount "77"]
[EventDate "2023.11.13"]
[EventType "swiss"]
[EventCountry "ITA"]
[SourceTitle "playchess.com"]
[Source "ChessBase"]
[SourceQuality "1"]
[TimeControl "40/5400+30:1800+30"]

1. e4 c5 2. Nf3 Nc6 3. d4 cxd4 4. Nxd4 e5 5. Nb5 d6 6. c4 g6 7. N1c3 a6 8. Na3 Nf6 9. Be2 Bg7 10. O-O Be6 11. Nc2 Rc8 12. Be3 O-O 13. Qd2 Ne7 14. Na3 Nc6 15. Rad1 Nd4 16. f3 Nh5 17. Nd5 Bxd5 18. cxd5 Nf4 19. Bxd4 Nxe2+ 20. Qxe2 exd4 21. Qd3 b5 22. Nc2 Rc4 23. b3 Rc3 24. Qd2 Qb6 25. Kh1 Rfc8 26. Nb4 Qc5 27. Nc6 Re8 28. Qf4 Be5 29. Qg4 Rc2 30. Qd7 Rf8 31. f4 Bg7 32. f5 d3 33. fxg6 fxg6 34. Qe6+ Kh8 35. Rxf8+ Bxf8 36. Qf6+ Kg8 37. Rf1 Bg7 38. Qf7+ Kh8 39. Qe8+ 1-0

[Event "FIDE WYCC Top Boards Girls 2023"]
[Site "Montesilvano"]
[Date "2023.11.22"]
[Round "9.7"]
[White "Luong, Hoang Tu Linh"]
[Black "Wu, Rochelle"]
[Result "0-1"]
[ECO "E05"]
[WhiteElo "1887"]
[BlackElo "2228"]
[Annotator "RC"]
[PlyCount "110"]
[EventDate "2023.11.13"]
[EventType "swiss"]
[EventCountry "ITA"]
[SourceTitle "playchess.com"]
[Source "ChessBase"]
[SourceQuality "1"]
[TimeControl "40/5400+30:1800+30"]

1. d4 d5 2. Nf3 Nf6 3. c4 e6 4. g3 Be7 5. Bg2 O-O 6. O-O dxc4 7. Qc2 b6 8. Qxc4 Bb7 9. Nc3 c5 10. Rd1 Qc8 11. Bf4 a6 12. Qb3 b5 13. dxc5 Nbd7 14. Bd6 Nxc5 15. Bxc5 Qxc5 16. h3 Rac8 17. e3 g6 18. Rac1 Qa7 19. Nd4 Bxg2 20. Kxg2 Qb7+ 21. Kg1 e5 22. Nc2 Rc4 23. Ne1 Rfc8 24. Ne2 h5 25. Rxc4 Rxc4 26. Rc1 Rxc1 27. Nxc1 h4 28. g4 Nh7 29. f3 Ng5 30. Kg2 Qb6 31. Ne2 Bc5 32. Nc3 Ne6 33. Nd5 Qd8 34. Nd3 Bxe3 35. Nxe3 Qxd3 36. Qxd3 Nf4+ 37. Kf1 Nxd3 38. b3 Nf4 39. Nc2 Nxh3 40. Nb4 Ng5 41. Kg2 f5 42. gxf5 gxf5 43. Nxa6 h3+ 44. Kh2 Nxf3+ 45. Kxh3 Nd4 46. Nc5 Kf7 47. a4 Nxb3 48. Nxb3 bxa4 49. Nc1 a3 50. Kg3 Ke6 51. Kf3 Kd5 52. Ke3 Kc4 53. Kd2 f4 54. Kc2 e4 55. Kd2 e3+ 0-1

[Event "FIDE WYCC Top Boards Girls 2023"]
[Site "Montesilvano"]
[Date "2023.11.22"]
[Round "9.8"]
[White "Allahverdiyeva, Ayan"]
[Black "Kurmangaliyeva, Liya"]
[Result "1-0"]
[ECO "B41"]
[WhiteElo "2152"]
[BlackElo "2236"]
[Annotator "RC"]
[PlyCount "121"]
[EventDate "2023.11.13"]
[EventType "swiss"]
[EventCountry "ITA"]
[SourceTitle "playchess.com"]
[Source "ChessBase"]
[SourceQuality "1"]
[TimeControl "40/5400+30:1800+30"]

1. e4 c5 2. Nf3 e6 3. d4 cxd4 4. Nxd4 a6 5. a3 Qc7 6. c4 Nf6 7. Nc3 b6 8. Be2 Bb7 9. f3 Be7 10. Be3 O-O 11. Rc1 d6 12. g4 Rc8 13. g5 Nfd7 14. h4 Qd8 15. Kf2 Nc6 16. Nxc6 Bxc6 17. Qd4 Rab8 18. b4 Nf8 19. Rcg1 Nd7 20. h5 b5 21. cxb5 axb5 22. h6 Bf8 23. hxg7 Bxg7 24. Qxd6 Bxc3 25. g6 Nf6 26. gxh7+ Kh8 27. Qg3 Nxe4+ 28. fxe4 Qf6+ 29. Bf3 Qg7 30. Qh2 Qe5 31. Rg8+ Rxg8 32. hxg8=Q+ Kxg8 33. Qh7+ Kf8 34. Bc5+ Ke8 35. Qg8+ Kd7 36. Rd1+ Kc7 37. Qxf7+ Kc8 38. Qf8+ Kb7 39. Qe7+ Qc7 40. Qxc7+ Kxc7 41. Bd6+ Kb7 42. Bxb8 Kxb8 43. Rd6 Kc7 44. Rxe6 Bb2 45. e5 Bd7 46. Ra6 Bxe5 47. Ra7+ Kc8 48. Ke3 Bh2 49. Kd3 Bg3 50. Ra6 Kc7 51. Kd4 Bf2+ 52. Kd5 Bb6 53. Ke5 Bf2 54. Rh6 Bg3+ 55. Kd5 Bf4 56. Rf6 Bg3 57. Rg6 Bf4 58. Rg7 Kd8 59. Bg4 Be8 60. Ke6 Bc6 61. Rf7 1-0

[Event "FIDE WYCC Top Boards Girls 2023"]
[Site "Montesilvano"]
[Date "2023.11.22"]
[Round "9.9"]
[White "Bondar, Daria"]
[Black "Wang, Chuqiao"]
[Result "1/2-1/2"]
[ECO "C85"]
[WhiteElo "1908"]
[BlackElo "2215"]
[Annotator "RC"]
[PlyCount "89"]
[EventDate "2023.11.13"]
[EventType "swiss"]
[EventCountry "ITA"]
[SourceTitle "playchess.com"]
[Source "ChessBase"]
[SourceQuality "1"]
[TimeControl "40/5400+30:1800+30"]

1. e4 e5 2. Nf3 Nc6 3. Bb5 a6 4. Ba4 Nf6 5. O-O Be7 6. Bxc6 dxc6 7. d3 Nd7 8. Nbd2 O-O 9. Nc4 Bf6 10. b3 Nb6 11. Ne3 Re8 12. Bb2 Qd6 13. a4 Qe6 14. h3 h5 15. Nd2 g6 16. a5 Nd7 17. Nec4 b5 18. Ne3 Nf8 19. Qf3 Nh7 20. Qg3 Bg5 21. h4 Bf4 22. Qf3 Nf6 23. g3 Bh6 24. b4 Qe7 25. Ba3 Ng4 26. Nb3 Rd8 27. Nc5 Qd6 28. c3 Qe7 29. Bc1 Bf8 30. Qe2 Nf6 31. Ng2 Nd7 32. Bg5 f6 33. Be3 Qf7 34. Nxd7 Bxd7 35. Rab1 Be6 36. f3 Rd7 37. Rfd1 Rad8 38. Bc5 Be7 39. Qe3 Bd6 40. Rd2 f5 41. d4 Bxc5 42. bxc5 fxe4 43. fxe4 Qg7 44. Qg5 Kh7 45. Rf1 1/2-1/2

[Event "FIDE WYCC Top Boards Girls 2023"]
[Site "Montesilvano"]
[Date "2023.11.22"]
[Round "9.10"]
[White "Shvedova, Alexandra"]
[Black "Kayis, Gulcan Sena"]
[Result "1-0"]
[ECO "C55"]
[WhiteElo "2170"]
[BlackElo "1859"]
[Annotator "RC"]
[PlyCount "67"]
[EventDate "2023.11.13"]
[EventType "swiss"]
[EventCountry "ITA"]
[SourceTitle "playchess.com"]
[Source "ChessBase"]
[SourceQuality "1"]
[TimeControl "40/5400+30:1800+30"]

1. e4 e5 2. Nf3 Nc6 3. Bc4 Be7 4. O-O Nf6 5. d3 O-O 6. Re1 d6 7. a4 Na5 8. Ba2 c5 9. c3 Nc6 10. Nbd2 h6 11. Nf1 Re8 12. h3 Bf8 13. Ne3 Be6 14. Bxe6 fxe6 15. Ng4 Nd7 16. Bd2 Rc8 17. g3 b6 18. Kg2 d5 19. h4 Qc7 20. h5 c4 21. dxc4 dxc4 22. Qe2 Na5 23. Rad1 Be7 24. Rh1 Rcd8 25. Nh4 Bxh4 26. Rxh4 Nf8 27. f4 exf4 28. Bxf4 Qe7 29. Rf1 Nb3 30. Rf2 Nc5 31. Bxh6 gxh6 32. Nxh6+ Kh8 33. Nf7+ Kh7 34. Qe3 1-0

[Event "FIDE WYCC Top Boards Girls 2023"]
[Site "Montesilvano"]
[Date "2023.11.22"]
[Round "9.11"]
[White "Kirtadze, Anastasia"]
[Black "Khamdamova, Afruza"]
[Result "0-1"]
[ECO "C92"]
[WhiteElo "1921"]
[BlackElo "2199"]
[Annotator "RC"]
[PlyCount "104"]
[EventDate "2023.11.13"]
[EventType "swiss"]
[EventCountry "ITA"]
[SourceTitle "playchess.com"]
[Source "ChessBase"]
[SourceQuality "1"]
[TimeControl "40/5400+30:1800+30"]

1. e4 e5 2. Nf3 Nc6 3. Bb5 a6 4. Ba4 Nf6 5. O-O Be7 6. Re1 b5 7. Bb3 d6 8. c3 O-O 9. h3 Bb7 10. a4 Na5 11. Bc2 c5 12. d4 cxd4 13. cxd4 Nc6 14. Nc3 exd4 15. Nxd4 Nxd4 16. Qxd4 Rc8 17. axb5 axb5 18. Bb3 Bc6 19. Bf4 b4 20. Nd5 Bxd5 21. exd5 Nd7 22. Qxb4 Rb8 23. Qa3 Ne5 24. Ba4 Bf6 25. b3 Nd3 26. Qxd6 Nxf4 27. Qxf4 Bxa1 28. Rxa1 Qxd5 29. Re1 Rb6 30. Qc4 Qd2 31. Re4 Rf6 32. Qc5 Re6 33. Rg4 Qd1+ 34. Kh2 g6 35. Qd4 Qc2 36. Rf4 Qc7 37. g3 Rd8 38. Qc4 Qb7 39. b4 Rc8 40. Qf1 Rc3 41. Qg2 Qa7 42. Bb5 Rc2 43. Qf3 Qc7 44. Qb3 Rc3 45. Qa2 Re5 46. Bf1 g5 47. Rf6 Kg7 48. Qa6 Qe7 49. Rb6 Rf5 50. Kg1 Rxf2 51. Bg2 Qe1+ 52. Kh2 Rxg2+ 0-1

[Event "FIDE WYCC Top Boards Girls 2023"]
[Site "Montesilvano"]
[Date "2023.11.22"]
[Round "9.12"]
[White "Mou, Iris"]
[Black "Shukhman, Anna"]
[Result "0-1"]
[ECO "B22"]
[WhiteElo "2086"]
[BlackElo "2263"]
[Annotator "RC"]
[PlyCount "88"]
[EventDate "2023.11.13"]
[EventType "swiss"]
[EventCountry "ITA"]
[SourceTitle "playchess.com"]
[Source "ChessBase"]
[SourceQuality "1"]
[TimeControl "40/5400+30:1800+30"]

1. e4 c5 2. Nf3 e6 3. c3 d5 4. exd5 Qxd5 5. d4 Nf6 6. Na3 cxd4 7. Nb5 Qd8 8. Nbxd4 Be7 9. Bd3 O-O 10. O-O b6 11. Qe2 Bb7 12. Rd1 Qc8 13. Bg5 Na6 14. b4 Nc7 15. a3 Ncd5 16. Rac1 Bd6 17. Nb5 Bf4 18. c4 Bxc1 19. Rxc1 Ne7 20. Bxf6 Bxf3 21. Qxf3 gxf6 22. Qxf6 Qd8 23. Qf3 Ng6 24. Be4 Qg5 25. Qc3 Rad8 26. Nxa7 f5 27. Bc6 Rd3 28. Qe1 Nf4 29. Ra1 Rfd8 30. g3 Qh5 31. Bd5 exd5 32. gxf4 Kf7 33. Nc6 Rg8+ 34. Kf1 Qh3+ 35. Ke2 Re8+ 36. Ne5+ Rxe5+ 37. fxe5 Rd4 38. e6+ Ke8 39. f3 Qg2+ 40. Ke3 Qb2 41. Qe2 Qxa1 42. Kf2 Qc1 43. Kg3 Qg5+ 44. Kf2 Rd2 0-1

[Event "FIDE WYCC Top Boards Girls 2023"]
[Site "Montesilvano"]
[Date "2023.11.23"]
[Round "10.7"]
[White "Wu, Rochelle"]
[Black "Zhurova, Anna"]
[Result "0-1"]
[ECO "E48"]
[WhiteElo "2228"]
[BlackElo "2149"]
[Annotator "RC"]
[PlyCount "102"]
[EventDate "2023.11.13"]
[EventType "swiss"]
[EventCountry "ITA"]
[SourceTitle "playchess.com"]
[Source "ChessBase"]
[SourceQuality "1"]
[TimeControl "40/5400+30:1800+30"]

1. d4 Nf6 2. c4 e6 3. Nc3 Bb4 4. e3 O-O 5. Bd3 Re8 6. Nge2 d5 7. cxd5 exd5 8. a3 Bd6 9. Qc2 a6 10. Ng3 Nbd7 11. O-O c5 12. Bd2 h5 13. dxc5 Nxc5 14. b4 Nxd3 15. Qxd3 g6 16. Rfd1 h4 17. Nf1 h3 18. Ng3 hxg2 19. f3 Bxg3 20. hxg3 Bf5 21. Qd4 Rc8 22. Be1 Qe7 23. Bf2 Bc2 24. Rd2 Qe6 25. Rxc2 Rc4 26. Kxg2 Rxd4 27. exd4 Qf5 28. Raa2 Rc8 29. Rc1 Kg7 30. g4 Qd3 31. Be1 g5 32. Rd1 Qh7 33. Re2 Rh8 34. Bg3 Qh3+ 35. Kf2 Rc8 36. Re3 Qh7 37. Rd2 Kg6 38. Rde2 Qh8 39. Rd3 Rc4 40. Be5 Qc8 41. Ree3 Qc6 42. Bg3 Ne8 43. Ne2 Ng7 44. f4 gxf4 45. Nxf4+ Kh7 46. Re5 Rc2+ 47. Ne2 Ne6 48. Rf5 Qc4 49. Rh5+ Kg7 50. Ke3 f6 51. Rf5 Rxe2+ 0-1

[Event "FIDE WYCC Top Boards Girls 2023"]
[Site "Montesilvano"]
[Date "2023.11.23"]
[Round "10.8"]
[White "Shohradova, Lala"]
[Black "Allahverdiyeva, Ayan"]
[Result "0-1"]
[ECO "D32"]
[WhiteElo "1846"]
[BlackElo "2152"]
[Annotator "RC"]
[PlyCount "60"]
[EventDate "2023.11.13"]
[EventType "swiss"]
[EventCountry "ITA"]
[SourceTitle "playchess.com"]
[Source "ChessBase"]
[SourceQuality "1"]
[TimeControl "40/5400+30:1800+30"]

1. d4 d5 2. c4 e6 3. Nc3 c5 4. Nf3 cxd4 5. Nxd4 e5 6. Nc2 d4 7. Nd5 Nf6 8. Bg5 Bf5 9. Bxf6 gxf6 10. e3 Nc6 11. Be2 Qa5+ 12. Kf1 O-O-O 13. Bg4 Bxg4 14. Qxg4+ Kb8 15. e4 f5 16. exf5 Qa6 17. Qe2 Rxd5 18. cxd5 d3 19. Qe3 dxc2+ 20. Kg1 Bc5 21. Qxc5 Nd4 22. h3 Rc8 23. Qe7 Qe2 24. Qxf7 c1=Q+ 25. Rxc1 Rxc1+ 26. Kh2 Rc8 27. Qxh7 Qxf2 28. Ra1 Qf4+ 29. Kg1 Ne2+ 30. Kh1 Rc1+ 0-1

[Event "FIDE WYCC Top Boards Girls 2023"]
[Site "Montesilvano"]
[Date "2023.11.23"]
[Round "10.9"]
[White "Wang, Chuqiao"]
[Black "Shohradova, Leyla"]
[Result "1-0"]
[ECO "D36"]
[WhiteElo "2215"]
[BlackElo "1782"]
[Annotator "RC"]
[PlyCount "121"]
[EventDate "2023.11.13"]
[EventType "swiss"]
[EventCountry "ITA"]
[SourceTitle "playchess.com"]
[Source "ChessBase"]
[SourceQuality "1"]
[TimeControl "40/5400+30:1800+30"]

1. d4 d5 2. c4 e6 3. Nc3 Nf6 4. cxd5 exd5 5. Bg5 Be7 6. e3 O-O 7. Qc2 h6 8. Bh4 c6 9. Bd3 Nbd7 10. Nf3 b6 11. O-O Bb7 12. Rfd1 Re8 13. Bg3 Nh5 14. Be5 Nxe5 15. Nxe5 Nf6 16. Qa4 Bd6 17. Nf3 c5 18. dxc5 bxc5 19. Ba6 Re7 20. Kf1 Rb8 21. Bxb7 Rexb7 22. b3 Bf8 23. Rd2 Rd7 24. Rad1 Rb4 25. Qa6 d4 26. Ne2 Ne4 27. Rd3 Qc7 28. exd4 cxd4 29. Rxd4 Rdxd4 30. Nexd4 Rxd4 31. Rxd4 Qc1+ 32. Ne1 Qf4 33. Nf3 Qc1+ 34. Ne1 Qf4 35. Rxe4 Qxe4 36. Qxa7 Qe5 37. g3 Qd5 38. h4 Bc5 39. Qb8+ Kh7 40. Qf4 g6 41. Nf3 Kg8 42. Kg2 Bf8 43. Qe5 Qd3 44. Qd4 Qc2 45. Qd2 Qb1 46. Ne1 Qe4+ 47. Nf3 Qb1 48. Qe2 Bg7 49. Qe8+ Bf8 50. Qa8 Kg7 51. Qa4 Qc2 52. Ne5 Qc7 53. Qe4 Qa7 54. a4 Bc5 55. Nd3 Bd4 56. b4 Bc3 57. a5 Qa6 58. Qd5 Bf6 59. Ne5 Qa7 60. b5 Qc7 61. b6 1-0

[Event "FIDE WYCC Top Boards Girls 2023"]
[Site "Montesilvano"]
[Date "2023.11.23"]
[Round "10.10"]
[White "Bondar, Daria"]
[Black "Shvedova, Alexandra"]
[Result "0-1"]
[ECO "C78"]
[WhiteElo "1908"]
[BlackElo "2170"]
[Annotator "RC"]
[PlyCount "90"]
[EventDate "2023.11.13"]
[EventType "swiss"]
[EventCountry "ITA"]
[SourceTitle "playchess.com"]
[Source "ChessBase"]
[SourceQuality "1"]
[TimeControl "40/5400+30:1800+30"]

1. e4 e5 2. Nf3 Nc6 3. Bb5 a6 4. Ba4 Nf6 5. O-O b5 6. Bb3 Bc5 7. d3 d6 8. c3 h6 9. Re1 Bb6 10. Nbd2 O-O 11. h3 Ne7 12. Nf1 Ng6 13. Ng3 c6 14. Be3 Re8 15. Bxb6 Qxb6 16. d4 c5 17. Qd2 Bb7 18. Bc2 Rad8 19. d5 c4 20. Nf5 Bc8 21. N3h4 Nxh4 22. Nxh4 Nh5 23. Kh2 Qa7 24. g3 g6 25. Bd1 Nf6 26. Bf3 g5 27. Ng2 Qd7 28. g4 Kg7 29. Ne3 Qe7 30. b3 cxb3 31. axb3 Qa7 32. Ra5 Rh8 33. Rea1 Qb6 34. Nf5+ Kf8 35. Kg2 Ne8 36. h4 f6 37. h5 Nc7 38. Ne3 Bd7 39. Be2 Kf7 40. Nc2 Ra8 41. Kf3 Bxg4+ 42. Kxg4 Qxf2 43. Ne3 Ne8 44. Nf5 Qg2+ 45. Ng3 f5+ 0-1

[Event "FIDE WYCC Top Boards Girls 2023"]
[Site "Montesilvano"]
[Date "2023.11.23"]
[Round "10.11"]
[White "Shukhman, Anna"]
[Black "Khamdamova, Afruza"]
[Result "0-1"]
[ECO "C92"]
[WhiteElo "2263"]
[BlackElo "2199"]
[Annotator "RC"]
[PlyCount "160"]
[EventDate "2023.11.13"]
[EventType "swiss"]
[EventCountry "ITA"]
[SourceTitle "playchess.com"]
[Source "ChessBase"]
[SourceQuality "1"]
[TimeControl "40/5400+30:1800+30"]

1. e4 e5 2. Nf3 Nc6 3. Bb5 a6 4. Ba4 Nf6 5. O-O Be7 6. Re1 b5 7. Bb3 d6 8. c3 O-O 9. h3 Bb7 10. d4 Re8 11. Bc2 Bf8 12. d5 Nb8 13. Bd3 c6 14. c4 bxc4 15. Bxc4 cxd5 16. exd5 Nbd7 17. Nc3 Qc7 18. Bb3 Nc5 19. Bc2 g6 20. Bg5 Bg7 21. Rc1 Qb6 22. Be3 Rac8 23. Na4 Qd8 24. Nxc5 dxc5 25. Ba4 Nd7 26. Nd2 Rf8 27. Ne4 Ba8 28. Nxc5 Nb6 29. d6 Nxa4 30. Nxa4 Rxc1 31. Bxc1 Qb8 32. Be3 Rd8 33. Bc5 Bc6 34. Nb6 Bf8 35. Nc4 Qb5 36. Bb6 Rd7 37. b3 Bxd6 38. a4 Qd5 39. Qxd5 Bxd5 40. Rd1 Bb8 41. Ba5 Be6 42. Rxd7 Bxd7 43. Bc3 f6 44. f4 exf4 45. Bxf6 Ba7+ 46. Kf1 Bf5 47. Ke2 Bc2 48. Nd2 h6 49. Be5 g5 50. h4 Kf7 51. hxg5 hxg5 52. Nf3 Kg6 53. Nd4 Be4 54. Kf1 Bc5 55. a5 Bd5 56. Kf2 Bxb3 57. g3 Bd5 58. gxf4 gxf4 59. Bxf4 Bxd4+ 60. Ke2 Bc4+ 61. Kd2 Kf5 62. Bc7 Ke4 63. Kc2 Ba2 64. Bb6 Be5 65. Bd8 Kd5 66. Bb6 Kc4 67. Bd8 Kb4 68. Bb6 Be6 69. Bd8 Bf5+ 70. Kc1 Kb3 71. Bb6 Kc3 72. Kd1 Bg4+ 73. Ke1 Bg3+ 74. Bf2 Bc7 75. Kf1 Kb4 76. Be1+ Kb5 77. Bh4 Bxa5 78. Kf2 Bd2 79. Bf6 a5 80. Kg3 Bd1 0-1

[Event "FIDE WYCC Top Boards Girls 2023"]
[Site "Montesilvano"]
[Date "2023.11.23"]
[Round "10.12"]
[White "Kaliakhmet, Elnaz"]
[Black "Kirtadze, Anastasia"]
[Result "1-0"]
[ECO "E11"]
[WhiteElo "1933"]
[BlackElo "1921"]
[Annotator "NA RC"]
[PlyCount "141"]
[EventDate "2023.11.13"]
[EventType "swiss"]
[EventCountry "ITA"]
[SourceTitle "playchess.com"]
[Source "ChessBase"]
[SourceQuality "1"]
[TimeControl "40/5400+30:1800+30"]

1. d4 Nf6 2. c4 e6 3. Nf3 Bb4+ 4. Bd2 a5 5. g3 O-O 6. Bg2 d5 7. O-O Be7 8. Nc3 Nbd7 9. Bf4 c6 10. Ne5 Nxe5 11. dxe5 Nh5 12. Bd2 g6 13. Bh6 Ng7 14. Qc1 f6 15. exf6 Bxf6 16. cxd5 cxd5 17. Qd2 Bd7 18. Rad1 Bc6 19. h4 Rf7 20. Bg5 b5 21. e4 b4 22. Ne2 Bxg5 23. hxg5 Rd7 24. exd5 Bxd5 25. Nf4 Ra6 26. Nxd5 exd5 27. Bxd5+ Kh8 28. Qc1 Rad6 29. Bb3 Rxd1 30. Rxd1 Rxd1+ 31. Qxd1 Qxg5 32. Qd6 Qc1+ 33. Kg2 Qc8 34. Qd5 h5 35. Qxa5 Nf5 36. Qxb4 Qa8+ 37. Kh2 Kh7 38. Qc5 h4 39. Qc7+ Kh8 40. Qe5+ Kh7 41. Qc7+ Ng7 42. gxh4 Qe4 43. Qc4 Qe5+ 44. Kh3 Kh6 45. Qc3 Qf5+ 46. Kg2 Qe4+ 47. Qf3 Qb1 48. Qf6 Qe4+ 49. Kh2 Kh7 50. Bf7 Nh5 51. Bxg6+ Qxg6 52. Qxg6+ Kxg6 53. a4 Nf6 54. b4 Kf5 55. Kg3 Ke5 56. a5 Ne4+ 57. Kf3 Nd6 58. Kg4 Kf6 59. Kf4 Ke6 60. h5 Kf6 61. f3 Ke6 62. h6 Kf6 63. h7 Kg7 64. Ke5 Nb5 65. Kd5 Kxh7 66. Kc5 Nc7 67. b5 Ne6+ 68. Kd5 Nc7+ 69. Kc6 Ne6 70. a6 Nd4+ 71. Kb6 1-0

[Event "FIDE WYCC Top Boards Girls 2023"]
[Site "Montesilvano"]
[Date "2023.11.24"]
[Round "11.7"]
[White "Allahverdiyeva, Ayan"]
[Black "Luong, Hoang Tu Linh"]
[Result "1-0"]
[ECO "B42"]
[WhiteElo "2152"]
[BlackElo "1887"]
[Annotator "RC"]
[PlyCount "55"]
[EventDate "2023.11.13"]
[EventType "swiss"]
[EventCountry "ITA"]
[SourceTitle "playchess.com"]
[Source "ChessBase"]
[SourceQuality "1"]
[TimeControl "40/5400+30:1800+30"]

1. e4 c5 2. Nf3 e6 3. d4 cxd4 4. Nxd4 a6 5. Bd3 Nc6 6. Nxc6 bxc6 7. O-O d5 8. Re1 Ne7 9. Nc3 Bb7 10. f4 d4 11. Nb1 c5 12. Qh5 Qc7 13. Na3 Nc6 14. Nc4 Na5 15. Bd2 Nxc4 16. Bxc4 Bc6 17. a4 g6 18. Qh3 Bg7 19. f5 e5 20. Rf1 Bxe4 21. Qg4 Bb7 22. fxg6 f6 23. gxh7 Qe7 24. Be6 e4 25. Qg6+ Kf8 26. Bh6 Rxh7 27. Rxf6+ Qxf6 28. Qxf6+ 1-0

[Event "FIDE WYCC Top Boards Girls 2023"]
[Site "Montesilvano"]
[Date "2023.11.24"]
[Round "11.8"]
[White "Zhurova, Anna"]
[Black "Hrebenshchykova, Yelyzaveta"]
[Result "0-1"]
[ECO "C91"]
[WhiteElo "2149"]
[BlackElo "2292"]
[Annotator "RC"]
[PlyCount "90"]
[EventDate "2023.11.13"]
[EventType "swiss"]
[EventCountry "ITA"]
[SourceTitle "playchess.com"]
[Source "ChessBase"]
[SourceQuality "1"]
[TimeControl "40/5400+30:1800+30"]

1. e4 e5 2. Nf3 Nc6 3. Bb5 a6 4. Ba4 Nf6 5. O-O Be7 6. Re1 b5 7. Bb3 d6 8. c3 O-O 9. d4 Bg4 10. Be3 exd4 11. cxd4 Na5 12. Bc2 Nc4 13. Bc1 c5 14. b3 Nb6 15. Nbd2 Rc8 16. h3 Bh5 17. Bb2 cxd4 18. g4 Bg6 19. Nxd4 d5 20. e5 Bxc2 21. Nxc2 Nfd7 22. Nf3 Nc5 23. Ncd4 Re8 24. Rc1 Qd7 25. Nf5 Bf8 26. Bd4 Re6 27. Re2 g6 28. Ng3 b4 29. Rec2 Rec6 30. Be3 Qb7 31. Nd4 R6c7 32. Ngf5 gxf5 33. gxf5 Ne4 34. f3 Rxc2 35. Rxc2 Rxc2 36. Qxc2 Nc3 37. Qg2+ Kh8 38. Bg5 h6 39. Bf6+ Kh7 40. e6 Nc8 41. Qc2 Qc7 42. e7 Qg3+ 43. Kf1 Qxh3+ 44. Kg1 Bxe7 45. Be5 f6 0-1

[Event "FIDE WYCC Top Boards Girls 2023"]
[Site "Montesilvano"]
[Date "2023.11.24"]
[Round "11.9"]
[White "Trunz, Michelle"]
[Black "Wang, Chuqiao"]
[Result "0-1"]
[ECO "E46"]
[WhiteElo "1997"]
[BlackElo "2215"]
[Annotator "RC"]
[PlyCount "140"]
[EventDate "2023.11.13"]
[EventType "swiss"]
[EventCountry "ITA"]
[SourceTitle "playchess.com"]
[Source "ChessBase"]
[SourceQuality "1"]
[TimeControl "40/5400+30:1800+30"]

1. d4 Nf6 2. c4 e6 3. Nc3 Bb4 4. e3 O-O 5. Nge2 d5 6. a3 Be7 7. cxd5 exd5 8. Nf4 c6 9. Bd3 a5 10. O-O Na6 11. Bd2 Nc7 12. Rc1 Bd6 13. Nce2 Re8 14. Ng3 Ne4 15. Nxe4 dxe4 16. Bc4 Bxf4 17. exf4 Qxd4 18. Qb3 Be6 19. Be3 Bxc4 20. Qxb7 Qd5 21. Rfd1 Qh5 22. Qxc7 Bd5 23. Rd2 a4 24. Rc5 Rec8 25. Ra5 Rab8 26. Qe5 Qxe5 27. fxe5 Bb3 28. Rc5 Ra8 29. Kf1 Kf8 30. Ke2 Bd5 31. g3 Ke7 32. Bd4 Ke6 33. Bc3 Rcb8 34. Ra5 Rxa5 35. Bxa5 g5 36. Bc3 c5 37. Ke3 Rg8 38. h3 Rg6 39. Rd1 Rh6 40. Rh1 Bc4 41. Rh2 g4 42. h4 Rh5 43. Kxe4 Bd5+ 44. Kd3 Kf5 45. Bd2 Bf3 46. Bf4 f6 47. exf6 Kxf6 48. Bg5+ Ke6 49. Kc4 Kd6 50. b4 cxb4 51. Kxb4 Kd5 52. Kc3 Kc6 53. Kc4 Kd6 54. Kd4 h6 55. Bf4+ Kc6 56. Be3 Rd5+ 57. Kc4 h5 58. Kb4 Rb5+ 59. Kc4 Rb3 60. Bc1 Rb1 61. Bd2 Kd6 62. Bb4+ Ke5 63. Kb5 Kd4 64. Kxa4 Kd3 65. Kb5 Ke2 66. Kc5 Kf1 67. Kd4 Kg1 68. Ke5 Kxh2 69. Kf4 Kg2 70. Bc5 Rb5 0-1

[Event "FIDE WYCC Top Boards Girls 2023"]
[Site "Montesilvano"]
[Date "2023.11.24"]
[Round "11.10"]
[White "Shvedova, Alexandra"]
[Black "Nurmanova, Alua"]
[Result "0-1"]
[ECO "E92"]
[WhiteElo "2170"]
[BlackElo "2367"]
[Annotator "RC"]
[PlyCount "80"]
[EventDate "2023.11.13"]
[EventType "swiss"]
[EventCountry "ITA"]
[SourceTitle "playchess.com"]
[Source "ChessBase"]
[SourceQuality "1"]
[TimeControl "40/5400+30:1800+30"]

1. d4 Nf6 2. c4 g6 3. Nc3 Bg7 4. e4 d6 5. Nf3 O-O 6. Be2 e5 7. Be3 exd4 8. Nxd4 Re8 9. f3 c6 10. Bf2 d5 11. exd5 cxd5 12. O-O Nc6 13. c5 Nh5 14. Qd2 Be5 15. g3 Ng7 16. Bb5 Bd7 17. Rfd1 Nxd4 18. Bxd4 Bc6 19. a4 a6 20. Bf1 Bxd4+ 21. Qxd4 Nf5 22. Qf2 d4 23. Ne2 Qd5 24. Nxd4 Ne3 25. Rd2 Nxf1 26. Kxf1 Qc4+ 27. Kg1 Bxa4 28. Ne2 Rad8 29. Rxd8 Rxd8 30. Nc3 Bc6 31. Re1 Rd4 32. Kg2 a5 33. Re3 a4 34. Nb1 Qxc5 35. Na3 Kg7 36. Nc2 Rd7 37. Ne1 Rd1 38. Nd3 Qd4 39. Qe2 Rb1 40. Kf2 Bb5 0-1